 Dungeon Crawl Stone Soup version 0.17.1-1-g73c8601 (webtiles) character file.

352 Peloso the Shield-Bearer (level 6, 0/53 HPs)
             Began as a Minotaur Fighter on Dec 11, 2015.
             Succumbed to a scorpion's poison
             ... on level 4 of the Dungeon.
             The game lasted 00:04:33 (1686 turns).

Peloso the Shield-Bearer (Minotaur Fighter)         Turns: 1686, Time: 00:04:33

Health: 0/53       AC: 10    Str: 27    XL:     6   Next: 35%
Magic:  5/5        EV:  9    Int:  5    God:
Gold:   181        SH: 10    Dex: 10    Spells: 0 memorised, 5 levels left

rFire  . . .     SeeInvis .     a - +0 long sword
rCold  . . .     Clarity  .     b - +0 scale mail
rNeg   . . .     SustAt   .     c - +0 shield
rPois  .         Gourm    .     (helmet restricted)
rElec  .         Spirit   .     (no cloak)
rCorr  .         Warding  .     (no gloves)
rMut   .         Stasis   .     f - +2 pair of boots
MR     .....                    (no amulet)
Stlth  ..........               (no ring)
                                (no ring)

@: mighty, lethally poisoned (0 -> -4), not resistant to hostile enchantments,
extremely unstealthy
A: retaliatory headbutt, horns 2
a: no special abilities


You were on level 4 of the Dungeon.
You were not hungry.

You visited 1 branch of the dungeon, and saw 3 of its levels.

You collected 181 gold pieces.

Inventory:

Hand Weapons
 a - a +0 long sword (weapon)
Armour
 b - a +0 scale mail (worn)
 c - a +0 shield (worn)
 f - a +2 pair of boots (worn)
Scrolls
 h - a scroll of noise {unknown}
 i - a scroll of identify {unknown}
 j - a scroll of remove curse {unknown}
 m - 2 scrolls of random uselessness {unknown}
 o - a scroll of recharging {unknown}
Potions
 d - a potion of might
 g - 2 potions of agility {unknown}
 k - 2 potions of brilliance {unknown}
 l - 2 potions of mutation {unknown}
 p - 2 potions of curing {unknown}
Comestibles
 e - a bread ration


   Skills:
 + Level 4.5 Fighting
 + Level 3.8 Long Blades
 + Level 5.2 Armour
 + Level 2.7 Dodging
 + Level 0.1 Stealth
 + Level 5.5 Shields


You had 5 spell levels left.
You didn't know any spells.

Dungeon Overview and Level Annotations

Branches:
Dungeon (4/15)
 Temple: D:4-7

Altars:
Kikubaaqudgha


Innate Abilities, Weirdness & Mutations

You reflexively headbutt those who attack you in melee.
You have a pair of horns on your head.


Message History

The scorpion stings you.
* * * LOW HITPOINT WARNING * * *
You closely miss the scorpion. The scorpion stings you.
* * * LOW HITPOINT WARNING * * *
You are poisoned.
The scorpion poisons you!
You hit the scorpion.
The scorpion is moderately wounded.
You feel sick. The scorpion stings you.
* * * LOW HITPOINT WARNING * * *
You slash the scorpion! You headbutt the scorpion.
You kill the scorpion!
* * * LOW HITPOINT WARNING * * *
You feel sick.
* * * LOW HITPOINT WARNING * * *
You feel sick.
* * * LOW HITPOINT WARNING * * *
You feel sick.
Found a garnet ring.
You die...

.....#.........##########
............#.#######..
....###.....#.##.......
.### ##.....)..).......
####.....#####....#..
##.................#
..#..............##..#
.............##..# #....
.......@....##....# ####
............##....#
..................#
...................
...........>.....##
............###.
.....=......#
............#


There were no monsters in sight!

Vanquished Creatures
  An orc warrior (D:4)
  A scorpion (D:4)
  Ijyb (D:2)
  An orc wizard (D:4)
  Natasha (twice) (D:2)
  2 worker ants (D:4)
  3 adders
  4 worms
  An orc (D:4)
  8 bats
  3 goblins
  3 hobgoblins
  8 kobolds
  A quokka (D:2)
  A giant gecko skeleton (D:4)
  3 giant newts
  3 rats
46 creatures vanquished.

Notes
Turn   | Place    | Note
--------------------------------------------------------------
     0 | D:1      | Peloso the Minotaur Fighter began the quest for the Orb.
     0 | D:1      | Reached XP level 1. HP: 19/19 MP: 0/0
    66 | D:1      | Reached XP level 2. HP: 22/27 MP: 1/1
   180 | D:1      | Reached skill level 4 in Fighting
   913 | D:2      | Noticed Ijyb
   924 | D:2      | Killed Ijyb
   924 | D:2      | Reached XP level 3. HP: 26/33 MP: 2/2
  1064 | D:2      | Reached XP level 4. HP: 40/40 MP: 3/3
  1072 | D:2      | Reached skill level 1 in Dodging
  1108 | D:2      | Noticed Natasha
  1116 | D:2      | Killed Natasha
  1195 | D:2      | Noticed Natasha
  1203 | D:2      | Killed Natasha
  1203 | D:2      | Reached skill level 5 in Shields
  1351 | D:2      | You fall through a shaft for 2 floors!
  1405 | D:4      | Reached XP level 5. HP: 40/46 MP: 4/4
  1418 | D:4      | Found an ancient bone altar of Kikubaaqudgha.
  1647 | D:4      | Noticed an orc warrior
  1674 | D:4      | Killed an orc warrior
  1674 | D:4      | Reached skill level 5 in Armour
  1674 | D:4      | Reached XP level 6. HP: 16/53 MP: 5/5
  1683 | D:4      | HP: 2/53 [poisoned by a scorpion]
  1686 | D:4      | Succumbed to a scorpion's poison

Action                   |  1- 3 |  4- 6 || total
-------------------------+-------+-------++-------
Melee: Long sword        |    87 |    64 ||   151
  Use: Potion            |       |     1 ||     1
  Eat: Chunk             |     1 |     2 ||     3
